 Dungeon Crawl Stone Soup version 0.17-a0-1582-ge6b0260 (webtiles) character file.

278 Promi the Magician (level 6, -1/32 HPs)
             Began as a Deep Elf Wizard on July 28, 2015.
             Slain by Grinder (6 damage)
             ... on level 4 of the Dungeon.
             The game lasted 00:17:34 (4127 turns).

Promi the Magician (Deep Elf Wizard)                Turns: 4127, Time: 00:17:34

Health: -1/32      AC:  8    Str:  4    XL:     6   Next: 5%
Magic:  6/17       EV: 13    Int: 25    God:
Gold:   149        SH:  0    Dex: 13    Spells: 7 memorised, 2 levels left

rFire  . . .     SeeInvis .     r - +1 falchion (protect)
rCold  . . .     Clarity  .     a - +0 robe
rNeg   . . .     SustAt   .     (no shield)
rPois  .         Gourm    .     b - +0 hat
rElec  .         Spirit   .     (no cloak)
rCorr  .         Warding  .     (no gloves)
rMut   .         Stasis   .     v - +0 pair of boots
MR     .....                    (no amulet)
Stlth  ++........               (no ring)
                                (no ring)

@: repel missiles, not resistant to hostile enchantments, unstealthy
A: no striking features
a: no special abilities


You were on level 4 of the Dungeon.
You were not hungry.

You visited 1 branch of the dungeon, and saw 4 of its levels.

You collected 149 gold pieces.

Inventory:

Hand weapons
 n - a +1 dagger of venom
 r - a +1 falchion of protection (weapon)
Armour
 a - a +0 robe (worn)
 b - a +0 hat (worn)
 v - a +0 pair of boots (worn)
Jewellery
 j - an uncursed ring of flight {unknown}
 q - a +3 ring of intelligence {unknown}
Magical devices
 t - a wand of draining (3)
 u - a wand of frost (8)
Scrolls
 e - 2 scrolls of remove curse {unknown}
 g - 2 scrolls of enchant armour {unknown}
 h - 2 scrolls of identify {unknown}
 k - a scroll of random uselessness {unknown}
 l - a scroll of teleportation {unknown}
 m - a scroll of magic mapping {unknown}
 p - 2 scrolls of blinking {unknown}
 s - a scroll of recharging {unknown}
Potions
 f - a potion of agility {unknown}
 o - 2 potions of ambrosia {unknown}
 x - a potion of heal wounds {unknown}
Books
 c - a book of Minor Magic

   Spells                             Type                      Level
   a - Magic Dart                     Conjuration                  1
   b - Blink                          Translocation                2
   c - Call Imp                       Summoning                    2
   d - Repel Missiles                 Charms/Air                   2
   e - Slow                           Hexes                        2
   f - Conjure Flame                  Conjuration/Fire             3
   g - Mephitic Cloud                 Conjuration/Poison/Air       3
Comestibles
 d - 2 bread rations
 i - 4 fruits
 w - 6 chunks of flesh


   Skills:
 + Level 3.9 Dodging
 + Level 4.0 Stealth
 + Level 6.2 Spellcasting
 + Level 3.2 Conjurations
 + Level 2.3 Summonings
 - Level 1.1 Translocations


You had 2 spell levels left.
You knew the following spells:

 Your Spells              Type           Power        Failure   Level  Hunger
a - Magic Dart            Conj           ###.         1%          1    None
b - Blink                 Tloc           N/A          10%         2    None
c - Call Imp              Summ           ###.....     6%          2    None
d - Repel Missiles        Chrm/Air       #.....       12%         2    None
e - Slow                  Hex            #.......     12%         2    None
f - Conjure Flame         Conj/Fire      ###.....     12%         3    None
g - Mephitic Cloud        Conj/Pois/Air  ##......     14%         3    None


Dungeon Overview and Level Annotations

Branches:
Dungeon (4/15)
 Temple: D:4-7

Altars:
Ru

Annotations:
D:4 Grinder


Message History

Aim: Grinder (severely wounded)
The magic dart hits Grinder.
Grinder is severely wounded.
Grinder hits you!
* * * LOW HITPOINT WARNING * * *
You writhe in agony.
* * * LOW HITPOINT WARNING * * *
Your shadow imp closely misses Grinder.
Your iron imp hits Grinder!
Your crimson imp closely misses Grinder.
Casting: Magic Dart
Confirm with . or Enter, or press ? or * to list all spells.
Aiming: Magic Dart
Press: ? - help, Shift-Dir - straight line, f/p - Grinder
Aim: Grinder (almost dead)
The magic dart hits Grinder.
Grinder is almost dead.
Grinder hits you.
* * * LOW HITPOINT WARNING * * *
You writhe in agony.
You die...

#.......# #.... ####
#...5...# #.... ..#
#..####.#
#....####.####.# #.#
##......<.(...#.## #)#
#.............#5.# #.#
#.............##.###..
#......(......##..##.###
#...)@5....'..........
#....55....###.##.####
#....5.....# #.# #
#..........# #..
#.....###....##.#
#.....# #....# .#
#.....# #........
##....# #....##..


You could see Grinder, a friendly iron imp, a friendly crimson imp and a
friendly shadow imp.

Vanquished Creatures
  A giant frog (D:3)
  An orc wizard (D:3)
  Crazy Yiuf (D:2)
  Natasha (twice) (D:2)
  2 adders
  2 worms (D:2)
  2 giant geckos
  3 orcs
  10 bats
  4 giant cockroaches
  7 hobgoblins
  8 kobolds
  2 quokkas
  A ball python (D:1)
  4 giant newts
  10 goblins
  8 rats
68 creatures vanquished.

Vanquished Creatures (collateral kills)
  Ijyb (D:2)
  A giant frog skeleton (D:4)
  2 adders (D:3)
  A worm (D:3)
  A giant gecko (D:3)
  Natasha (D:2)
  A rat (D:2)
8 creatures vanquished.

Grand Total: 76 creatures vanquished

Notes
Turn   | Place    | Note
--------------------------------------------------------------
     0 | D:1      | Promi the Deep Elf Wizard began the quest for the Orb.
     0 | D:1      | Reached XP level 1. HP: 10/10 MP: 7/7
   393 | D:1      | Reached skill level 5 in Spellcasting
   419 | D:1      | Reached XP level 2. HP: 15/15 MP: 7/10
   423 | D:1      | Learned a level 2 spell: Blink
   426 | D:1      | Learned a level 2 spell: Call Imp
   429 | D:1      | Learned a level 2 spell: Repel Missiles
   432 | D:1      | Learned a level 2 spell: Slow
  1151 | D:2      | Noticed Ijyb
  1168 | D:2      | Killed Ijyb
  1168 | D:2      | Reached XP level 3. HP: 19/19 MP: 0/11
  1517 | D:2      | Noticed Natasha
  1529 | D:2      | Killed Natasha
  1529 | D:2      | Reached XP level 4. HP: 15/24 MP: 3/13
  1792 | D:2      | Learned a level 3 spell: Conjure Flame
  1850 | D:2      | Noticed Crazy Yiuf
  1880 | D:2      | Killed Crazy Yiuf
  1974 | D:2      | You fall through a shaft!
  2098 | D:2      | Noticed Natasha
  2108 | D:2      | Killed Natasha
  2569 | D:2      | Noticed Natasha
  2573 | D:2      | Killed Natasha
  2891 | D:2      | Reached XP level 5. HP: 21/28 MP: 1/15
  3292 | D:3      | Reached skill level 6 in Spellcasting
  3310 | D:3      | Learned a level 3 spell: Mephitic Cloud
  3322 | D:3      | Noticed a giant frog
  3407 | D:3      | Killed a giant frog
  4054 | D:4      | Reached XP level 6. HP: 32/32 MP: 13/17
  4071 | D:4      | Found a sacrificial altar of Ru.
  4115 | D:4      | Noticed Grinder
  4127 | D:4      | Slain by Grinder

Vault maps used:
D:1:      dpeg_arrival_snail
D:2:      uniq_crazy_yiuf_cottage, uniq_natasha, uniq_iyjb
D:3:      lightli_sewer_entry_pipes
D:4:      nicolae_ru_the_path_less_chosen, uniq_blork_the_orc, uniq_grinder,
          uniq_robin

Action                   |  1- 3 |  4- 6 || total
-------------------------+-------+-------++-------
Melee: Dagger            |       |     2 ||     2
 Cast: Magic Dart        |    59 |   126 ||   185
       Call Imp          |     4 |    18 ||    22
       Conjure Flame     |       |     5 ||     5
       Slow              |       |     1 ||     1
       Repel Missiles    |       |     1 ||     1
       Mephitic Cloud    |       |     1 ||     1
  Eat: Chunk             |     2 |     8 ||    10
